Map: New Repugnancy LE

Players

TRUE

  • Race: Zerg Zerg
  • Spawn Location: 7:00

PartinG - Winner!

  • Race: Protoss Protoss
  • Spawn Location: 1:00

Event: IEM Season 13: Katowice (2019)

VOD

Have the link to the VOD?

Description

Time

  • Played on: Feb. 26, 2019, 4:21 a.m.
  • Length: 8:53

All games in this series

Show
View Real Time Build Order
Export as new Build Order

TRUE Zerg 

Build Orders: Hatch First 

Get SALT Encoding   

  12  0:00  Drone  
  13  0:12  Overlord  
  13  0:17  Drone  
  14  0:30  Drone  
  15  0:46  Hatchery  
  14  0:50  Drone  
  14  0:54  Drone  
  14  0:57  Drone  
  17  1:01  Drone  
  18  1:17  Extractor  
  17  1:19  Spawning Pool  
  17  1:22  Drone  
  17  1:25  Drone  
  18  1:33  Drone  
  19  1:43  Extractor  
  19  1:44  Drone  
  19  2:06  Queen  
  19  2:07  Queen  
  19  2:08  Zergling x2  
  24  2:09  Drone x2  
  26  2:18  Metabolic Boost  
  26  2:22  Overlord  
  26  2:25  Drone  
  26  2:29  Drone  
  28  2:40  Drone x3  
  28  2:41  Drone  
  32  2:56  Hatchery  
  31  3:03  Queen  
  33  3:13  Overlord  
  33  3:18  Drone x3  
  36  3:21  Spore Crawler  
  36  3:25  Lair  
  35  3:30  Overlord  
  36  3:34  Overlord  
  36  3:47  Roach Warren  
  36  3:48  Queen, Extractor  
  36  3:49  Drone  
  36  3:50  Drone  
  36  3:52  Drone  
  36  3:54  Drone  
  40  3:56  Drone  
  40  3:59  Drone  
  40  4:01  Drone  
  43  4:05  Drone x2  
  43  4:08  Zergling x2  
  46  4:10  Zergling x2  
  46  4:12  Zergling x2  
  48  4:22  Nydus Network  
  48  4:23  Zergling x4  
  49  4:24  Zergling x2  
  49  4:30  Queen  
  52  4:33  Overlord  
  52  4:42  Zergling x4  
  52  4:43  Overlord  
  52  4:44  Overlord  
  54  4:49  Overseer  
  53  4:56  Roach  
  53  4:57  Roach x2, Overseer  
  59  5:10  Nydus Canal  
  59  5:12  Roach  
  59  5:13  Roach x2  
  59  5:14  Roach  
  65  5:16  Roach  
  66  5:22  Roach  
  66  5:25  Roach  
  69  5:30  Roach  
  69  5:34  Roach  
  73  5:40  Roach  
  73  5:43  Roach  
  73  5:45  Overseer  
  73  5:48  Roach  
  73  5:54  Roach  
  65  5:59  Drone x2  
  65  6:01  Overlord  
  67  6:04  Overlord  
  67  6:10  Overlord  
  67  6:12  Drone, Hatchery  
  67  6:13  Overlord  
  67  6:14  Drone  
  67  6:15  Evolution Chamber  
  67  6:16  Overlord  
  65  6:27  Queen  
  65  6:28  Drone x2  
  69  6:41  Zerg Missile Weapons Level 1  
  69  6:44  Drone x2  
  69  6:45  Drone x3  
  69  6:46  Drone  
  75  6:49  Extractor, Glial Reconstitution  
  74  6:55  Overlord  
  74  6:56  Drone x3  
  74  7:00  Overlord  
  77  7:04  Queen  
  77  7:07  Roach  
  81  7:09  Roach  
  81  7:12  Roach x2  
  81  7:13  Roach  
  81  7:15  Overseer  
  87  7:18  Roach  
  87  7:23  Overlord  
  87  7:24  Roach  
  87  7:26  Roach  
  87  7:29  Overseer  
  91  7:30  Roach  
  91  7:32  Roach  
  91  7:35  Roach  
  91  7:36  Roach  
  99  7:39  Roach  
  101  7:45  Roach x3  
  101  7:49  Roach  
  109  7:55  Overlord  
  109  7:57  Overlord  
  109  8:01  Overlord  
  109  8:06  Roach x3  
  109  8:08  Roach  
  109  8:11  Roach  
  113  8:14  Roach  
  113  8:15  Roach  
  113  8:19  Roach  
  107  8:26  Roach  
  107  8:27  Roach  
  110  8:28  Roach  
  110  8:33  Roach  
Show
View Real Time Build Order
Export as new Build Order

PartinG Protoss - Winner!

Build Orders: 1 Gate Expand, Zealot Archon, Archon Drop, Dark Templar Rush 

Get SALT Encoding   

  12  0:00  Probe  
  13  0:12  Probe  
  14  0:18  Pylon  
  14  0:24  Probe  
  15  0:33  Probe  
  15  0:38  Gateway  
  15  0:41  Probe  
  16  0:46  Assimilator  
  17  0:51  Probe  
  18  1:03  Probe  
  19  1:15  Probe  
  20  1:27  Nexus  
  20  1:40  Cybernetics Core  
  20  1:42  Probe  
  21  1:48  Pylon  
  21  1:54  Probe  
  22  2:06  Adept, Probe  
  23  2:19  Warp Gate, Probe  
  26  2:30  Probe  
  26  2:35  Probe  
  26  2:36  Stalker  
  29  2:38  Probe  
  29  2:41  Assimilator  
  29  2:43  Probe  
  31  2:46  Probe  
  33  2:55  Twilight Council, Probe  
  33  2:57  Probe  
  34  3:03  Probe  
  35  3:09  Probe  
  35  3:11  Probe  
  37  3:17  Robotics Facility  
  38  3:23  Probe  
  38  3:24  Probe  
  40  3:30  Gateway  
  40  3:34  Pylon  
  40  3:35  Probe  
  40  3:36  Probe  
  42  3:44  Dark Shrine  
  42  3:46  Gateway  
  42  3:47  Gateway  
  42  3:50  Assimilator  
  42  3:51  Assimilator  
  42  3:54  Warp Prism, Probe x2  
  44  3:58  Pylon  
  44  4:07  Probe  
  44  4:08  Probe  
  48  4:18  Forge  
  48  4:19  Probe  
  48  4:20  Probe  
  50  4:31  Probe  
  51  4:32  Probe  
  52  4:45  Pylon  
  51  4:56  Dark Templar x4  
  51  4:58  Charge  
  59  5:04  Immortal  
  65  5:11  Shield Battery  
  65  5:13  Shield Battery  
  63  5:16  Pylon  
  59  5:29  Archon  
  59  5:30  Stalker x4, Archon  
  59  5:34  Shield Battery  
  59  5:35  Immortal, Shield Battery  
  67  5:47  Probe  
  69  5:53  Protoss Ground Weapons Level 1  
  69  5:57  Stalker x3  
  66  5:59  Probe x2  
  70  6:07  Probe  
  70  6:08  Probe  
  70  6:16  Probe x2  
  72  6:20  Observer  
  72  6:24  Pylon x2  
  75  6:36  Pylon  
  75  6:40  Pylon  
  75  6:42  Probe x2  
  75  6:44  Dark Templar  
  75  6:45  Sentry x2  
  83  6:56  Nexus  
  83  7:00  Sentry  
  85  7:02  Probe x2  
  87  7:11  Gateway  
  87  7:13  Gateway  
  87  7:24  Sentry x2  
  87  7:25  Sentry  
  87  7:26  Zealot  
  87  7:27  Gateway  
  95  7:33  Gateway  
  95  7:37  Probe x2  
  97  7:55  Pylon  
  97  7:57  Pylon  
  97  7:58  Photon Cannon, Pylon  
  93  8:13  Zealot x6  
  93  8:16  Probe  
  104  8:36  Zealot x4  
  104  8:37  Zealot x4  

Tags
 
Add a new tag
Caveats
  • Supply blocks, unpowered buildings, or Contaminate may cause inaccurate times.
  • Supply counts are checked every 10 seconds.